 Dungeon Crawl Stone Soup version 0.29.0-13-gc9e81de378 (webtiles) character file.

Game seed: 8979960206600886168

1 DocSulfur the Magician (level 1, -2/10 HPs)
             Began as a Kobold Hedge Wizard on Sept 7, 2022.
             Slain by a kobold
             ... wielding a +0 short sword
              (4 damage)
             ... on level 1 of the Dungeon.
             The game lasted 00:01:55 (56 turns).

DocSulfur the Magician (Kobold Hedge Wizard)          Turns: 56, Time: 00:01:56

Health: -2/10      AC:  2    Str:  7    XL:     1   Next: 22%
Magic:  0/4        EV: 14    Int: 15    God:
Gold:   0          SH:  0    Dex: 14    Spells: 4/6 levels left

rFire   . . .      SeeInvis .   a - +0 dagger
rCold   . . .      Faith    .   (no shield)
rNeg    . . .      Spirit   .   b - +0 robe
rPois   .          Reflect  .   c - +0 hat
rElec   .          Harm     .   (no cloak)
rCorr   .          Rampage  .   (no gloves)
Will    .....                   (no boots)
Stlth   +++.......              (no amulet)
HPRegen 0.03/turn               (no ring)
MPRegen 0.09/turn               (no ring)

@: very slightly contaminated
A: small, no large weapons, nightstalker 3
a: no special abilities


You were on level 1 of the Dungeon.
You visited 1 branch of the dungeon, and saw 1 of its levels.

Inventory:

Hand Weapons
 a - a +0 dagger (weapon)
Armour
 b - a +0 robe (worn)
 c - a +0 hat (worn)
Potions
 d - a potion of magic


   Skills:
 + Level 0.1 Short Blades
 - Level 2.4 Dodging
 + Level 2.7 Stealth
 + Level 3.3 Spellcasting
 - Level 1.0 Conjurations
 + Level 0.1 Hexes
 - Level 1.0 Summonings
 - Level 1.0 Translocations


You had 4 spell levels left.
You knew the following spells:

 Your Spells              Type           Power      Damage    Failure   Level
a - Magic Dart            Conj           20%        1d4       13%         1
b - Slow                  Hex            8%         N/A       19%         1

Your spell library contained the following spells:

 Spells                   Type           Power      Damage    Failure   Level
 Blink                    Tloc           10%        N/A       19%         2
 Call Imp                 Summ           5%         N/A       19%         2
 Sting                    Tmut/Pois      8%         1d3       21%         1
 Poisonous Vapours        Pois/Air       4%         N/A       30%         2
 Conjure Flame            Conj/Fire      3%         6-21      43%         3
 Mephitic Cloud           Conj/Pois/Air  3%         N/A       45%         3
 Olgreb's Toxic Radiance  Pois           2%         N/A       89%         4


Dungeon Overview and Level Annotations

Branches:
Dungeon (1/15)

Altars:


Innate Abilities, Weirdness & Mutations

You are small and have problems with some larger weapons.
You are completely attuned to the shadows.


Message History

A kobold comes into view. It is wielding a +0 short sword.
The kobold shouts!
Aiming: Magic Dart (safe; 13% risk of failure)
Press: ? - help, Q - select action, (/) - cycle Shift-Dir - straight line, f - kobold
Aim: a kobold, wielding a +0 short sword (100% to hit)
You miscast Magic Dart.
You are very lightly contaminated with residual magic.
Nothing appears to happen.
You miss the kobold.
The kobold hits you with a +0 short sword.
Aiming: Magic Dart (safe; 13% risk of failure)
Press: ? - help, Q - select action, (/) - cycle Shift-Dir - straight line, f/p - kobold
Aim: a kobold, wielding a +0 short sword (100% to hit)
The magic dart hits the kobold.
The kobold is heavily wounded.
The kobold closely misses you.
Aiming: Magic Dart (safe; 13% risk of failure)
Press: ? - help, Q - select action, (/) - cycle Shift-Dir - straight line, f/p - kobold
Aim: a kobold, wielding a +0 short sword (heavily wounded, 100% to hit)
You miscast Magic Dart.
Nothing appears to happen.
The kobold hits you with a +0 short sword.
Unknown command.
Aiming: Magic Dart (safe; 13% risk of failure)
Press: ? - help, Q - select action, (/) - cycle Shift-Dir - straight line, f/p - kobold
Aim: a kobold, wielding a +0 short sword (heavily wounded, 100% to hit)
You miscast Magic Dart.
Nothing appears to happen.
The kobold closely misses you.
Unknown command.
You don't have enough magic to cast this spell.
Unknown command.
Unknown command.
The kobold attacks as you move away!
The kobold hits you with a +0 short sword.
* * * LOW HITPOINT WARNING * * *
The kobold attacks as you move away! The kobold closely misses you.
Okay, then.
You closely miss the kobold.
The kobold is heavily wounded.
The kobold hits you with a +0 short sword.
You die...

.## .. .#
#######.###
#.@........
#K####.##..
#.# #.##..#
#### #.#
#†##..# ...
#.# #.##..#
#.# # #.#
#.....####.###
#.#
###........#..
#.#
#.#.###.....
#.#.# #...^P


You could see a kobold.

Vanquished Creatures
  A ball python (D:1)
1 creature vanquished.

Notes
Turn   | Place    | Note
-------+----------+-------------------------------------------
     0 | D:1      | DocSulfur the Kobold Hedge Wizard began the quest for the
                  | Orb.
     0 | D:1      | Reached XP level 1. HP: 10/10 MP: 4/4
     2 | D:1      | Learned a level 1 spell: Slow
    56 | D:1      | Slain by a kobold

Illustrated notes

Levels and vault maps discovered:
D:1:      spicycebolla_arrival_clurvy, layout_loops_ring,
          kennysheep_decorative_pillar, minmay_split_cup_large

Action                   || total
-------------------------++-------
Melee: Dagger            ||     3
 Cast: Magic Dart        ||     1
 Stab: Sleeping          ||     1
Dodge: Dodged            ||     3
